 Dungeon Crawl Stone Soup version 0.29.0-11-gd7f09526c8 (webtiles) character file.

Game seed: 8604854335704560210

44 RascalDebosk the Trooper (level 3, 0/24 HPs)
             Began as a Gargoyle Monk on Sept 4, 2022.
             Slain by a goblin
             ... wielding a +0 club
             ... led by Robin
              (2 damage)
             ... on level 1 of the Dungeon.
             The game lasted 00:10:04 (1675 turns).

RascalDebosk the Trooper (Gargoyle Monk)            Turns: 1675, Time: 00:10:05

Health: 0/24       AC:  5    Str: 16    XL:     3   Next: 60%
Magic:  3/3        EV: 12    Int: 10    God:
Gold:   64         SH:  0    Dex: 12    Spells: 2/2 levels left

rFire   . . .      SeeInvis .   a - +0 mace
rCold   . . .      Faith    .   (no shield)
rNeg    + . .      Spirit   .   b - +0 robe
rPois   ∞          Reflect  .   (no helmet)
rElec   +          Harm     .   (no cloak)
rCorr   .          Rampage  .   (no gloves)
Will    .....                   (no boots)
Stlth   ++........              (no amulet)
HPRegen 0.08/turn               (no ring)
MPRegen 0.08/turn               (no ring)

@: no status effects
A: sickness immunity, AC +3, negative energy resistance 1, electricity
resistance, torment resistance 1, petrification resistance
a: no special abilities


You were on level 1 of the Dungeon.
You visited 1 branch of the dungeon, and saw 2 of its levels.

You collected 64 gold pieces.

Inventory:

Hand Weapons
 a - a +0 mace (weapon)
Armour
 b - a +0 robe (worn)
Wands
 f - a wand of mindburst (5)
Scrolls
 d - a scroll of immolation {unknown}
 e - a scroll of brand weapon {unknown}
 k - 2 scrolls of enchant weapon {unknown}
Potions
 c - a potion of ambrosia
 g - 2 potions of curing {unknown}
 h - a potion of brilliance {unknown}
 i - a potion of degeneration {unknown}
 j - a potion of heal wounds {unknown}
 l - a potion of lignification {unknown}


   Skills:
 + Level 3.6 Fighting
 + Level 3.3 Maces & Flails
 + Level 1.0 Throwing
 + Level 1.3 Armour
 - Level 2.4 Dodging
 + Level 2.8 Stealth


You had 2 spell levels left.
You didn't know any spells.
Your spell library was empty.

Dungeon Overview and Level Annotations

Branches:
Dungeon (2/15)

Altars:

Shops:
D:1 [

Annotations:
D:2 Robin


Innate Abilities, Weirdness & Mutations

You are immune to sickness and miasma.
Your stone body is resilient. (AC +3)
You are immune to poison.
You resist negative energy. (rN+)
You are resistant to electric shocks. (rElec)
You are resistant to unholy torment.
You are immune to petrification.


Message History

* * * LOW HITPOINT WARNING * * *
You hit the endoplasm.
You kill the endoplasm!
You start resting.
HP restored.
You climb downwards.
Level annotation: Robin The goblin hits you with a +0 club.
Robin roars a battlecry!
The goblins go into a battle-frenzy!
The goblin misses you.
There is a stone staircase leading up here.
You hit the goblin.
The goblin is heavily wounded.
Robin throws the goblin at you! The goblin barely misses you.
A goblin comes into view. It is wielding a +0 dagger of venom.
The goblin barely misses you.
The goblin shouts!
The goblin hits you with a +0 club. x2
You climb upwards.
There is a stone staircase leading down here.
You barely miss the goblin. The goblin closely misses you.
The goblin hits you with a +0 club.
You hit the goblin.
The goblin is severely wounded.
The goblin misses you. The goblin hits you with a +0 club.
You closely miss the goblin.
The goblin is severely wounded.
The goblin hits you with a +0 club.
* * * LOW HITPOINT WARNING * * *
The goblin hits you but does no damage. x2; The goblin closely misses you.
You hit the goblin but do no damage.
The goblin is severely wounded.
The goblin hits you with a +0 club.
* * * LOW HITPOINT WARNING * * *
The goblin hits you but does no damage.
You miss the goblin.
The goblin is severely wounded.
The goblin barely misses you. The goblin hits you with a +0 club.
You die...

.....# #.#
#...##############.#
...................#
####################
# ###≈≈≈# # ##≈≈≈≈#
# ##≈≈≈≈#
########≈≈≈≈######
.......~≈≈~....g@#
.......~≈~.....g)#
.......~≈≈.......#
......~~≈~.......#
......~≈~~.......#
......~≈~~.......#
......~≈~........#
......~≈~......(.#
.....~≈≈~.......<#


You could see 2 goblins.

Vanquished Creatures
  A gnoll (D:1)
  4 endoplasms
  2 giant cockroaches (D:1)
  8 goblins
  5 hobgoblins
  A kobold (D:1)
  2 ball pythons (D:1)
  3 bats (D:1)
  5 rats (D:1)
31 creatures vanquished.

Notes
Turn   | Place    | Note
-------+----------+-------------------------------------------
     0 | D:1      | RascalDebosk the Gargoyle Monk began the quest for the Orb.
     0 | D:1      | Reached XP level 1. HP: 14/14 MP: 1/1
   213 | D:1      | Reached XP level 2. HP: 18/19 MP: 2/2
   375 | D:1      | Found a faded altar of an unknown god.
   782 | D:1      | Reached skill level 1 in Armour
   782 | D:1      | Reached XP level 3. HP: 23/23 MP: 3/3
  1004 | D:1      | Found Neremily's Antique Armour Shoppe.
  1358 | D:2      | Reached skill level 1 in Throwing
  1358 | D:2      | Noticed Robin
  1674 | D:1      | HP: 1/24 [goblin/+0 club[Robin] (2)]
  1675 | D:1      | Slain by a goblin

Illustrated notes

Levels and vault maps discovered:
D:1:      lemuel_arrival_river_ford, layout_basic, serial_shops,
          nicolae_shop_crystal, hellmonk_ecumenical_altar_lost_god,
          chequers_arboretum, minmay_tripent
D:2:      layout_rooms, serial_shops, nicolae_lakefront_shop,
          minmay_heptomino_l4, uniq_robin

Skill      XL: |  1  2  3 |
---------------+----------+-----
Armour         | 1 |  1.3
Throwing       | 1 |  1.0
Fighting       | |  3.6
Maces & Flails | |  3.3
Dodging        | |  2.4
Stealth        | |  2.8

Action                   || total
-------------------------++-------
Melee: Mace              ||    77
 Stab: Sleeping          ||     8
Armor: Robe              ||    25
Dodge: Dodged            ||    40
